Map: Cañón atribulado

Players

MrFercho - Winner!

  • Race: Zerg Zerg
  • League: Silver
  • Spawn Location: 6:00

tigro - Winner!

  • Race: Terran Terran
  • League: Bronze
  • Spawn Location: 6:00

TATORREA - Winner!

  • Race: Protoss Protoss
  • League: Silver
  • Spawn Location: 7:00

Ryan

  • Race: Protoss Protoss
  • Spawn Location: 12:00

Zeon

  • Race: Terran Terran
  • Spawn Location: 12:00

CatAttack

  • Race: Terran Terran
  • Spawn Location: 3:00

VOD

Have the link to the VOD?

Description

Time

  • Played on: June 23, 2020, 8 p.m.
  • Length: 12:15
Show
View Real Time Build Order
Export as new Build Order

MrFercho Zerg - Winner!

Build Orders: Hatch First, Lurkers 

Get SALT Encoding   

  12  0:01  Drone  
  13  0:13  Overlord  
  13  0:18  Drone  
  14  0:31  Drone x2  
  16  0:57  Hatchery  
  16  0:58  Drone x2  
  17  1:12  Spawning Pool  
  17  1:18  Drone x2  
  17  1:23  Drone  
  19  1:30  Drone  
  20  1:41  Drone  
  21  1:48  Extractor  
  21  1:51  Drone  
  21  2:03  Overlord  
  21  2:08  Queen  
  21  2:09  Queen  
  21  2:11  Overlord  
  21  2:14  Drone  
  26  2:20  Drone  
  27  2:28  Drone  
  28  2:31  Drone  
  28  2:34  Drone  
  30  2:41  Drone  
  31  2:52  Lair  
  31  2:53  Drone x2  
  31  2:58  Roach Warren, Drone  
  33  3:01  Extractor  
  33  3:04  Queen  
  33  3:05  Drone  
  35  3:07  Drone  
  36  3:14  Drone  
  37  3:21  Drone x6  
  43  3:27  Overlord  
  43  3:36  Drone, Extractor  
  43  3:38  Drone  
  44  3:50  Roach  
  44  3:51  Roach x3  
  44  3:53  Overlord x2  
  52  4:14  Hatchery  
  52  4:15  Drone  
  52  4:16  Drone x4  
  56  4:20  Drone  
  56  4:23  Glial Reconstitution  
  57  4:29  Evolution Chamber, Drone  
  57  4:30  Drone  
  58  4:38  Drone  
  59  4:40  Drone  
  60  4:50  Drone  
  60  4:51  Drone  
  62  5:00  Hydralisk Den  
  62  5:05  Drone x2  
  62  5:07  Infestation Pit  
  62  5:10  Drone  
  63  5:14  Overlord  
  63  5:16  Overlord x2  
  63  5:17  Overlord  
  63  5:25  Zerg Missile Weapons Level 1  
  63  5:29  Hydralisk  
  63  5:30  Hydralisk x4  
  63  5:35  Drone  
  74  5:40  Lurker Den, Drone x2  
  75  5:48  Drone x9  
  75  5:49  Evolution Chamber  
  83  5:53  Extractor  
  83  5:55  Extractor  
  81  6:12  Drone x3, Extractor  
  81  6:13  Drone x2  
  81  6:14  Overlord x2  
  81  6:15  Overlord x2  
  81  6:16  Overlord  
  81  6:17  Overlord x2  
  85  6:34  Overseer  
  85  6:38  Drone  
  85  6:39  Drone x7  
  93  6:46  Zerg Ground Armor Level 1  
  93  6:58  Hive  
  93  7:06  Muscular Augments  
  93  7:09  Overlord x5  
  93  7:10  Overlord  
  93  7:33  Drone x6  
  93  7:34  Drone x6  
  105  8:03  Hydralisk  
  105  8:04  Hydralisk x11  
  129  8:09  Lurker x5  
  129  8:12  Zerg Missile Weapons Level 2  
  134  8:15  Seismic Spines  
  134  8:18  Grooved Spines  
  134  8:30  Hydralisk  
  134  8:31  Hydralisk x4  
  134  8:32  Hatchery  
  143  8:36  Extractor  
  143  8:38  Extractor  
  143  8:40  Spine Crawler  
  140  8:45  Hatchery  
  139  8:49  Hatchery  
  138  8:57  Drone x8  
  138  9:00  Hatchery  
  145  9:03  Hatchery  
  145  9:04  Hatchery  
  145  9:06  Hydralisk x4  
  145  9:07  Hatchery  
  150  9:12  Adaptive Talons  
  150  9:17  Hydralisk  
  150  9:18  Hydralisk x2  
  150  9:23  Zerg Ground Armor Level 2  
  156  9:48  Hydralisk x10  
  156  9:49  Hydralisk  
  178  10:01  Hydralisk x4  
  178  10:02  Spire  
  183  10:27  Hydralisk x6  
  183  10:28  Hydralisk x4  
  189  10:47  Hydralisk x6  
Show
View Real Time Build Order
Export as new Build Order

tigro Terran - Winner!

Build Orders:  

Get SALT Encoding   

  12  0:02  SCV  
  13  0:14  SCV  
  14  0:23  Supply Depot  
  14  0:26  SCV  
  15  0:39  Refinery  
  15  0:44  SCV  
  16  0:51  Barracks  
  16  0:56  SCV  
  17  1:04  Refinery  
  17  1:08  SCV  
  18  1:16  Supply Depot  
  18  1:21  SCV  
  19  1:33  SCV  
  19  1:39  Marine  
  21  1:56  Marine  
  21  1:57  Barracks  
  21  1:58  SCV  
  23  2:10  SCV  
  23  2:14  Marine  
  25  2:22  SCV  
  26  2:32  Marine  
  27  2:39  Engineering Bay  
  27  2:46  Factory  
  27  2:50  Barracks Reactor, Marine  
  28  3:13  Barracks Tech Lab  
  28  3:20  Orbital Command  
  28  3:32  Factory Tech Lab  
  28  3:42  Combat Shield, Starport  
  28  3:56  Marine  
  28  3:57  Marine x2  
  31  4:10  Siege Tank  
  31  4:14  Marine x3  
  37  4:20  Starport  
  37  4:32  Marine x2  
  39  4:47  Command Center  
  39  4:54  Medivac, Marine  
  42  5:01  Stimpack  
  42  5:13  Starport Tech Lab  
  42  5:24  Armory, Terran Infantry Weapons Level 1  
  42  5:30  Starport Tech Lab  
  42  6:01  Refinery  
  42  6:21  SCV  
  43  6:33  SCV  
  43  6:34  Refinery  
  44  6:41  Concussive Shells  
  44  6:46  SCV  
  45  6:48  Fusion Core  
  45  6:54  Marine x3  
  46  6:58  SCV  
  49  7:03  Siege Tank  
  52  7:10  SCV  
  52  7:11  Marine  
  52  7:12  Marine x2  
  56  7:19  Terran Infantry Armor Level 1  
  56  7:37  Weapon Refit  
  56  7:40  Supply Depot  
  56  8:03  Supply Depot  
  56  8:08  SCV  
  57  8:20  SCV  
  57  8:26  Supply Depot  
  58  8:32  SCV  
  59  8:41  Battlecruiser  
  65  8:44  SCV  
  66  8:49  Medivac  
  68  8:56  SCV  
  69  9:13  Neosteel Armor  
  69  9:17  Rapid Reignition System  
  69  9:35  Thor  
  75  9:41  Command Center  
  75  9:49  Battlecruiser  
  81  10:10  Terran Vehicle Weapons Level 1  
  81  10:14  Advanced Ballistics  
  81  10:18  Thor  
  86  10:53  Hi-Sec Auto Tracking  
  86  10:58  Marine  
  86  10:59  Marine x2  
  89  11:16  Marine x3  
  92  11:34  Marine x3  
  107  11:52  Marine x3  
Show
View Real Time Build Order
Export as new Build Order

TATORREA Protoss - Winner!

Build Orders: Carriers 

Get SALT Encoding   

  12  0:12  Probe  
  13  0:24  Probe  
  14  0:36  Probe  
  14  0:37  Pylon  
  15  0:55  Probe  
  16  1:00  Gateway  
  16  1:02  Gateway  
  16  1:07  Probe  
  17  1:31  Probe  
  18  1:43  Probe  
  18  1:55  Probe  
  19  2:01  Assimilator  
  19  2:07  Probe  
  19  2:08  Pylon  
  20  2:12  Pylon  
  20  2:15  Probe  
  20  2:20  Nexus  
  20  2:21  Pylon  
  21  2:23  Probe, Pylon  
  22  2:32  Cybernetics Core  
  22  2:41  Probe  
  22  2:49  Probe  
  23  2:56  Assimilator  
  23  2:57  Probe  
  24  3:05  Probe  
  26  3:16  Probe  
  27  3:28  Probe  
  28  3:35  Probe  
  28  3:40  Probe  
  30  3:45  Stargate  
  30  3:47  Probe  
  31  3:50  Stargate  
  31  3:52  Probe  
  32  3:57  Warp Gate  
  32  3:59  Probe  
  33  4:04  Probe  
  34  4:11  Probe  
  34  4:16  Probe  
  36  4:18  Stalker x2  
  36  4:23  Probe  
  41  4:28  Probe  
  42  4:33  Nexus  
  42  4:35  Probe  
  42  4:37  Pylon  
  43  4:41  Probe  
  43  4:45  Assimilator  
  44  4:47  Probe  
  44  4:49  Assimilator  
  45  4:53  Probe  
  45  4:56  Fleet Beacon  
  45  4:57  Probe  
  47  5:01  Probe  
  47  5:05  Probe  
  48  5:09  Probe  
  48  5:14  Probe  
  50  5:19  Probe  
  52  5:26  Probe  
  53  5:31  Probe  
  54  5:38  Probe  
  55  5:43  Probe  
  56  5:50  Robotics Facility  
  56  5:53  Gateway  
  56  5:54  Gateway  
  56  5:59  Probe x2  
  56  6:00  Probe, Pylon  
  59  6:04  Pylon  
  59  6:07  Probe x2, Pylon  
  59  6:08  Probe  
  60  6:12  Carrier  
  60  6:13  Pylon  
  60  6:16  Probe  
  60  6:17  Probe x2, Carrier, Assimilator  
  74  6:22  Assimilator  
  77  6:28  Probe  
  77  6:29  Probe  
  77  6:30  Probe  
  80  6:40  Probe  
  80  6:41  Probe  
  80  6:42  Probe  
  83  6:52  Probe  
  83  6:53  Probe, Immortal  
  83  6:54  Probe  
  90  7:04  Probe  
  90  7:05  Probe  
  90  7:06  Probe  
  93  7:16  Tempest  
  93  7:20  Tempest  
  103  7:25  Probe x3  
  106  7:32  Stalker x4  
  114  7:37  Probe x2  
  114  7:38  Probe  
  114  7:39  Pylon  
  114  7:40  Nexus  
  114  7:43  Pylon  
  117  7:50  Probe x2  
  117  7:51  Probe  
  120  7:59  Carrier  
  120  8:02  Probe  
  120  8:03  Probe x2  
  120  8:04  Carrier  
  135  8:12  Stalker x2, Assimilator  
  139  8:14  Stalker  
  139  8:15  Protoss Air Weapons Level 1, Assimilator  
  141  8:36  Pylon  
  141  8:39  Pylon  
  141  8:44  Pylon  
  141  8:47  Pylon  
  141  8:53  Pylon  
  141  8:57  Tempest, Pylon  
  141  9:01  Tempest, Pylon  
  151  9:20  Carrier  
  151  9:30  Tempest  
  151  9:37  Nexus  
  151  9:39  Pylon  
  151  9:43  Cybernetics Core, Pylon  
  162  9:56  Immortal  
  166  10:04  Carrier  
  166  10:09  Stargate x2  
  172  10:20  Carrier  
  178  10:35  Observer  
  161  11:08  Carrier  
  161  11:24  Tempest  
Show
View Real Time Build Order
Export as new Build Order

Ryan Protoss 

Build Orders:  

Get SALT Encoding   

  12  0:00  Probe  
  13  0:41  Probe  
  14  0:49  Pylon  
  14  0:53  Probe  
  15  0:58  Assimilator  
  15  1:02  Assimilator  
  15  1:06  Probe  
  15  1:10  Gateway  
  16  1:14  Probe, Gateway  
  17  1:22  Probe  
  17  1:23  Pylon  
  18  1:33  Pylon  
  18  1:34  Probe  
  19  1:54  Pylon  
  19  2:05  Zealot x2  
  23  2:10  Probe  
  24  2:18  Probe  
  25  2:39  Probe  
  26  2:47  Pylon  
  27  2:51  Probe  
  27  2:57  Pylon  
  27  3:03  Probe  
  28  3:22  Nexus  
  28  3:23  Pylon  
  28  3:40  Cybernetics Core  
  28  3:45  Assimilator  
  28  3:49  Assimilator  
  28  3:52  Pylon  
  28  3:57  Pylon  
  28  4:06  Pylon  
  28  4:15  Probe  
  28  4:19  Pylon  
  28  4:23  Probe  
  30  4:33  Probe  
  31  4:41  Probe  
  31  4:51  Probe  
  32  4:58  Stargate  
  32  4:59  Stargate  
  33  5:03  Stargate  
  33  5:07  Stargate  
  33  5:11  Probe, Pylon  
  33  5:12  Probe  
  35  5:24  Probe  
  35  5:27  Probe  
  36  5:28  Pylon  
  36  5:35  Probe  
  37  5:36  Probe  
  39  5:46  Probe  
  39  5:54  Probe  
  44  6:01  Probe  
  42  6:04  Probe  
  43  6:11  Pylon  
  43  6:13  Probe  
  43  6:15  Pylon  
  44  6:21  Probe x2  
  46  6:29  Probe  
  46  6:33  Probe  
  46  6:38  Pylon  
  48  6:41  Pylon  
  48  6:44  Pylon  
  48  6:45  Probe  
  49  6:48  Pylon  
  49  6:51  Pylon  
  49  7:00  Pylon  
  49  7:07  Cybernetics Core  
  49  7:12  Fleet Beacon  
  49  7:48  Probe  
  49  7:54  Probe  
  49  7:58  Nexus  
  51  8:02  Probe  
  51  8:09  Void Ray x2  
  51  8:10  Void Ray x2  
  51  8:11  Probe  
  69  8:23  Probe  
  70  8:35  Probe  
  71  8:46  Assimilator  
  71  8:49  Assimilator  
  71  8:52  Void Ray x3  
  71  8:53  Void Ray, Anion Pulse-Crystals  
  87  9:12  Protoss Air Weapons Level 1  
  87  9:13  Protoss Air Armor Level 1  
  87  9:22  Twilight Council  
  87  9:27  Robotics Facility  
  87  9:30  Pylon  
  87  9:53  Forge  
  87  9:56  Flux Vanes  
  87  9:57  Forge  
  87  10:03  Templar Archives  
  87  10:07  Dark Shrine  
  87  10:12  Void Ray x2  
  87  10:13  Void Ray x2  
  90  10:45  Void Ray x4  
  77  11:28  Void Ray x3  
Show
View Real Time Build Order
Export as new Build Order

Zeon Terran 

Build Orders:  

Get SALT Encoding   

  12  0:01  SCV  
  13  0:24  Supply Depot  
  13  0:26  SCV  
  14  0:38  SCV  
  15  0:48  Barracks  
  15  0:51  SCV  
  16  1:08  Refinery  
  16  1:09  SCV  
  17  1:22  SCV  
  18  1:34  SCV  
  18  1:36  Supply Depot  
  19  1:47  SCV  
  20  1:54  Barracks Tech Lab  
  20  2:06  Refinery  
  20  2:30  Marine  
  21  2:38  Engineering Bay  
  21  2:39  Engineering Bay  
  21  2:47  Factory  
  21  2:48  Marine  
  22  3:02  SCV  
  23  3:06  Marine  
  24  3:17  Terran Infantry Weapons Level 1  
  24  3:18  Terran Infantry Armor Level 1  
  24  3:24  Marine  
  25  3:35  Factory Tech Lab  
  25  3:40  SCV  
  26  3:41  Marine  
  26  3:47  Armory  
  27  3:53  Starport  
  27  3:56  SCV  
  27  3:59  Marine  
  29  4:08  SCV  
  30  4:17  Marine  
  31  4:31  Starport Tech Lab  
  31  4:35  Refinery  
  31  4:41  Supply Depot x2  
  31  4:42  Supply Depot  
  31  4:46  Command Center  
  31  5:02  SCV, Marine  
  31  5:04  Fusion Core  
  33  5:16  Liberator  
  33  5:20  Marine  
  37  5:38  Marine  
  38  5:51  Terran Infantry Weapons Level 2  
  38  5:53  Terran Infantry Armor Level 2  
  38  5:55  Marine  
  39  5:59  SCV  
  40  6:11  SCV  
  40  6:13  Marine  
  40  6:14  Refinery  
  42  6:23  SCV  
  43  6:31  Marine  
  44  6:35  SCV  
  45  6:47  SCV  
  45  6:49  Marine  
  47  6:57  SCV  
  47  7:00  SCV  
  49  7:07  Marine  
  50  7:09  SCV  
  50  7:12  SCV  
  50  7:14  Command Center  
  52  7:21  SCV  
  53  7:24  SCV, Marine  
  55  7:33  SCV  
  55  7:36  SCV  
  57  7:41  Battlecruiser  
  57  7:42  Marine  
  64  7:45  SCV  
  64  7:48  SCV  
  66  7:57  SCV  
  67  8:00  Marine  
  68  8:08  Terran Infantry Weapons Level 3  
  68  8:11  Terran Infantry Armor Level 3  
  68  8:18  Marine  
  69  8:26  SCV  
  70  8:30  Refinery  
  70  8:35  SCV  
  70  8:36  Marine  
  70  8:38  SCV  
  73  8:47  SCV  
  74  8:50  SCV  
  74  8:51  Battlecruiser  
  74  8:54  Marine  
  82  9:03  SCV  
  83  9:11  Marine  
  83  9:15  SCV  
  85  9:32  Supply Depot  
  85  9:33  Supply Depot  
  85  9:43  Refinery  
  85  9:53  SCV, Marine, Thor  
  85  9:55  SCV  
  85  9:56  Battlecruiser  
  100  10:05  SCV  
  101  10:14  Supply Depot x2  
  101  10:31  Command Center  
  101  10:35  SCV x2, Marine  
  104  10:48  SCV x2  
  106  10:53  Marine  
  101  11:00  SCV, Battlecruiser  
  108  11:11  Marine  
  108  11:12  SCV  
  110  11:24  SCV  
  111  11:29  Marine  
  112  11:36  SCV  
  113  11:45  SCV  
  113  11:46  Marine  
  96  11:57  SCV  
Show
View Real Time Build Order
Export as new Build Order

CatAttack Terran 

Build Orders:  

Get SALT Encoding   

  12  0:03  SCV  
  13  0:15  Refinery  
  13  0:25  SCV, Refinery  
  14  0:53  Engineering Bay  
  14  1:22  Missile Turret  
  14  1:34  Supply Depot  
  14  1:36  Supply Depot  
  14  1:56  Supply Depot  
  14  2:06  Barracks  
  14  2:09  Planetary Fortress  
  14  2:56  Factory  
  14  3:40  SCV  
  15  3:47  Command Center  
  15  3:48  Factory Tech Lab  
  15  3:55  Barracks Tech Lab  
  15  4:03  SCV  
  16  4:16  SCV  
  17  4:21  Marine  
  18  4:55  SCV  
  19  5:00  Refinery  
  19  5:07  SCV, Refinery  
  20  5:18  Starport  
  20  5:19  SCV  
  21  5:38  SCV  
  22  5:50  SCV  
  22  5:56  Armory  
  23  5:59  Starport Tech Lab  
  23  6:02  SCV  
  23  6:04  Marauder  
  26  6:14  SCV  
  27  6:26  SCV  
  28  6:38  SCV  
  29  6:48  Marauder  
  29  6:51  SCV  
  29  6:53  Thor  
  38  7:03  SCV, Fusion Core  
  39  7:09  Marauder  
  41  7:24  SCV  
  42  7:30  Marauder  
  42  7:36  SCV  
  45  7:48  SCV  
  46  7:51  Thor  
  46  7:52  Marauder  
  54  8:01  Refinery  
  54  8:02  Supply Depot  
  54  8:11  Supply Depot  
  54  8:24  SCV, Supply Depot, Marauder  
  57  8:31  Command Center  
  57  8:34  Supply Depot  
  57  8:36  SCV  
  58  8:43  Battlecruiser  
  58  8:45  Marauder  
  66  8:56  Supply Depot  
  66  9:18  Command Center  
  66  9:19  Supply Depot  
  66  9:46  Refinery  
  66  9:49  Planetary Fortress  
  66  10:01  Supply Depot  
  66  10:03  Marauder  
  68  10:12  Refinery  
  71  10:24  Marauder  
  45  10:46  Marauder  
  18  11:38  Barracks  
  15  11:43  SCV  
  16  11:55  SCV  
Tags
 
Add a new tag
Caveats
  • Supply blocks, unpowered buildings, or Contaminate may cause inaccurate times.
  • Supply counts are checked every 10 seconds.